 Dungeon Crawl Stone Soup version 0.30-a0-643-g638baaf3f0 (webtiles) character file.

Game seed: 15510721222046764102

141 Morbidden the Trooper (level 5, 0/43 HPs)
             Began as a Barachi Fighter on Jan 16, 2023.
             Slain by Grinder (4 damage)
             ... while paralysed by Grinder
             ... on level 3 of the Dungeon.
             The game lasted 00:02:13 (1763 turns).

Morbidden the Trooper (Barachi Fighter)             Turns: 1763, Time: 00:02:13

Health: 0/43       AC:  8    Str: 17    XL:     5   Next: 24%
Magic:  6/6        EV:  2    Int: 11    God:
Gold:   215        SH:  0    Dex: 11    Spells: 6/6 levels left

rFire   . . .      SeeInvis +    a - +0 war axe
rCold   . . .      Faith    .    c - +2 kite shield
rNeg    . . .      Spirit   .    b - +0 scale mail
rPois   .          Reflect  .    r - +0 helmet
rElec   .          Harm     .    (no cloak)
rCorr   .          Rampage  .    (no gloves)
Will    .....                    (no boots) Stlth
                                 (no amulet)
HPRegen 0.27/turn                m - ring of see invisible
MPRegen 0.10/turn                (no ring)

@: paralysed, attractive, flying, studying Dodging, slow
A: amphibious, slowness 1, strong legs 1, +LOS
a: Hop


You were on level 3 of the Dungeon.
You visited 1 branch of the dungeon, and saw 3 of its levels.

You collected 215 gold pieces.

Inventory:

Hand Weapons
 a - a +0 war axe (weapon)
 e - a +0 mace
Missiles
 v - a boomerang (quivered)
Armour
 b - a +0 scale mail (worn)
 c - a +2 kite shield (worn)
 r - a +0 helmet (worn)
Jewellery
 m - a ring of see invisible (left hand)
Scrolls
 g - 2 scrolls of amnesia {unknown}
 h - a scroll of poison {unknown}
 i - a scroll of brand weapon {unknown}
 k - 2 scrolls of enchant weapon {unknown}
 o - 2 scrolls of identify {unknown}
 q - a scroll of fog {unknown}
 t - 2 scrolls of blinking {unknown}
 u - 2 scrolls of teleportation {unknown}
Potions
 d - a potion of might
 f - a potion of attraction
 j - a potion of ambrosia {unknown}
 l - 2 potions of flight
 n - a potion of curing {unknown}
 p - a potion of degeneration {unknown}
 s - a potion of cancellation {unknown}


   Skills:
 * Level 4.3 Fighting
 * Level 3.8 Axes
 * Level 4.2 Armour
 * Level 2.1 Dodging
 + Level 0.1 Stealth
 * Level 3.8 Shields
 * Level 1.3 Spellcasting


You had 6 spell levels left.
You didn't know any spells.
Your spell library contained the following spells:

 Spells                   Type           Power      Damage    Failure   Level
 Apportation              Tloc           0%         N/A       97%         1
 Necrotise                Necr           0%         1d4       97%         1
 Summon Small Mammal      Summ           0%         N/A       97%         1
 Frozen Ramparts          Ice            0%         1d1       100%        3
 Ice Form                 Ice/Tmut       0%         N/A       100%        4
 Summon Ice Beast         Ice/Summ       0%         N/A       100%        4


Dungeon Overview and Level Annotations

Branches:
Dungeon (3/15)

Altars:

Shops:
D:2 :

Annotations:
D:3 Grinder


Innate Abilities, Weirdness & Mutations

You are amphibious.
You cover ground slowly.
You can hop short distances.
You have an extended range of vision and can be seen from far away.


Message History

Press: ? - help, Q - select action, (/) - cycle Shift-Dir - straight line, f/p - Grinder
Aim: Grinder (53% to hit)
You throw a boomerang.
The boomerang hits Grinder but does no damage.
Grinder gestures at you. Pain shoots through your body!
Unknown command.
Grinder gestures at you. Pain shoots through your body!
You hit Grinder.
Grinder is lightly wounded.
Grinder hits you.
You writhe in agony.
You barely miss Grinder.
Grinder is lightly wounded.
You block Grinder's attack. Grinder hits you.
You writhe in agony.
You hit Grinder.
Grinder is lightly wounded.
Grinder hits you!
You writhe in agony.
You are too injured to fight recklessly!
You are too injured to fight recklessly!
You are too injured to fight recklessly!
It was a potion of attraction.
You feel attractive to monsters. You block Grinder's attack.
Unknown command.
It was a potion of flight.
You feel very buoyant.
You fly up into the air.
Grinder gestures at you.
You suddenly lose the ability to move!
Grinder hits you.
* * * LOW HITPOINT WARNING * * *
You writhe in agony.
* * * LOW HITPOINT WARNING * * *
Grinder hits you.
* * * LOW HITPOINT WARNING * * *
You writhe in agony.
* * * LOW HITPOINT WARNING * * *
Grinder hits you.
You die...

~P~♣≈≈~~~ ≈♣≈~~~~~
~P~.~.# ~P...# ....#
###### #...#......#
#...#....(.#
#..5#......#
#..@#......#
#..........#
###....##### #....#
#....# ###....####
#...........
#.#....##### #####
#.#....#########....


You could see Grinder.

Vanquished Creatures
  2 orc wizards (D:3)
  3 adders
  2 worms (D:3)
  2 dart slugs
  4 orcs (D:3)
  3 ball pythons
  2 endoplasms
  2 giant cockroaches
  8 goblins
  7 hobgoblins
  A jackal (D:3)
  6 kobolds
  2 quokkas (D:1)
  A bat (D:3)
  2 frilled lizards
  2 rats
49 creatures vanquished.

Vanquished Creatures (others)
  9 plants (D:3)
9 creatures vanquished.

Grand Total: 58 creatures vanquished

Notes
Turn   | Place    | Note
-------+----------+-------------------------------------------
     0 | D:1      | Morbidden the Barachi Fighter began the quest for the Orb.
     0 | D:1      | Reached XP level 1. HP: 18/18 MP: 1/1
   102 | D:1      | Reached XP level 2. HP: 17/25 MP: 2/2
   572 | D:2      | Found Jaempa Komm's Book Shoppe.
   770 | D:2      | Reached XP level 3. HP: 30/30 MP: 3/3
   867 | D:2      | Reached skill level 1 in Dodging
   992 | D:2      | Found a faded altar of an unknown god.
  1280 | D:3      | Reached XP level 4. HP: 37/37 MP: 3/5
  1379 | D:3      | Reached skill level 1 in Spellcasting
  1680 | D:3      | Reached XP level 5. HP: 30/43 MP: 6/6
  1751 | D:3      | Noticed Grinder
  1760 | D:3      | Paralysed by Grinder for 4 turns
  1763 | D:3      | Slain by Grinder

Illustrated notes

Levels and vault maps discovered:
D:1:      dpeg_arrival_shrine, layout_rooms, minmay_strange_pillars,
          chequers_serial_rivers_micro_c
D:2:      layout_loops_ring, shapermc_ecumenical_altar_mp_urbaneastern,
          serial_shops, nicolae_shop_waterfront, kennysheep_generic_room_6
D:3:      minmay_wonky_spiral, layout_basic, serial_bayou, serial_bayou_shore_b,
          serial_bayou_pond_a, serial_bayou_ford_a, serial_bayou_shore_b,
          serial_bayou_shore_b, serial_bayou_lagoon_a, minmay_starry_boxes,
          uniq_grinder

Skill      XL: |  1  2  3  4 |
---------------+-------------+-----
Fighting       | 4 |  4.3
Armour         | 4 |  4.2
Dodging        | 1 2 |  2.1
Axes           | 3 |  3.8
Spellcasting   | 1 |  1.3
Stealth        | |  0.1
Shields        | |  3.8

Action                   |  1- 3 |  4- 6 || total
-------------------------+-------+-------++-------
Melee: War axe           |    99 |    57 ||   156
Throw: Boomerang         |       |     2 ||     2
  Use: Potion            |       |     2 ||     2
Armor: Scale mail        |    51 |    22 ||    73
Dodge: Dodged            |    30 |    11 ||    41
Block: Kite shield       |    69 |    27 ||    96
       Buckler           |     3 |       ||     3

Table legend: (Time is in decaauts)
 A = Elapsed time spent in this place.
 B = Non-inter-level travel time spent in this place.
 C = Inter-level travel time spent in this place.
 D = Time resting spent in this place.
 E = Time spent auto-exploring this place.
 F = Levels seen in this place.
 G = Mean time per level.
                   A        B        C        D        E       F      G
               +--------+--------+--------+--------+--------+-----+--------+
         Total |   2096 |   2039 |     57 |      0 |   1567 |   3 |  698.7 |
       Dungeon |   2096 |   2039 |     57 |      0 |   1567 |   3 |  698.7 |
               +--------+--------+--------+--------+--------+-----+--------+

Top non-repeatable levels by time:
     D:2: 844 daAuts
     D:3: 651 daAuts
     D:1: 600 daAuts
